 Dungeon Crawl Stone Soup version 0.28.0 (webtiles) character file.

Game seed: 14171617451176954248

50 blackman the Chopper (level 3, 0/31 HPs)
             Began as a Minotaur Fighter on Feb 6, 2022.
             Slain by a flying skull (11 damage)
             ... created by the anger of Yredelemnul
             ... on level 2 of the Dungeon.
             The game lasted 00:01:11 (1551 turns).

blackman the Chopper (Minotaur Fighter)             Turns: 1551, Time: 00:01:12

Health: 0/31       AC:  6    Str: 22    XL:     3   Next: 55%
Magic:  2/2        EV:  9    Int:  5    God:
Gold:   23         SH:  4    Dex:  9    Spells: 2/2 levels left

rFire   . . .      SeeInvis .   a - +0 war axe
rCold   . . .      Faith    .   c - +0 buckler
rNeg    . . .      Spirit   .   b - +0 scale mail
rPois   .          Reflect  .   (helmet restricted)
rElec   .          Harm     .   (no cloak)
rCorr   .          Rampage  .   (no gloves)
Will    .....                   (no boots)
Stlth   ..........              (no amulet)
HPRegen 0.10/turn               (no ring)
MPRegen 0.08/turn               (no ring)

@: no status effects
A: horns 2, retaliatory headbutt
a: no special abilities


You were on level 2 of the Dungeon.
You visited 1 branch of the dungeon, and saw 2 of its levels.

You collected 23 gold pieces.

Inventory:

Hand Weapons
 a - a +0 war axe (weapon)
Armour
 b - a +0 scale mail (worn)
 c - a +0 buckler (worn)
Scrolls
 g - 3 scrolls of teleportation {unknown}
 h - 2 scrolls of identify {unknown}
Potions
 d - 3 potions of might
 e - a potion of berserk rage {unknown}
 f - a potion of heal wounds {unknown}
 i - a potion of attraction {unknown}
 j - a potion of haste {unknown}


   Skills:
 - Level 3.6 Fighting
 + Level 4.8 Axes
 - Level 3.6 Armour
 - Level 3.6 Shields


You had 2 spell levels left.
You didn't know any spells.
Your spell library was empty.

Dungeon Overview and Level Annotations

Branches:
Dungeon (2/15)

Altars:
Yredelemnul


Innate Abilities, Weirdness & Mutations

You have a pair of horns on your head.
You reflexively headbutt those who attack you in melee.


Message History

The adder completely misses you.
You miss the adder.
You feel sick. The adder closely misses you. You block the adder's attack.
You closely miss the adder. Your headbutt misses the adder.
You feel sick.
You are no longer poisoned.
The adder bites you.
You closely miss the adder. Your headbutt misses the adder.
The adder barely misses you. You block the adder's attack.
You closely miss the adder. The adder closely misses you. The adder bites you.
You are too injured to fight recklessly!
You are too injured to fight recklessly!
You are too injured to fight recklessly!
You are too injured to fight recklessly!
You are too injured to fight recklessly!
You barely miss the adder. You block the adder's attack.
You slash the adder!
You kill the adder!
Your life force feels restored.
You see here an adder corpse.
You start resting.
Yredelemnul sends a servant to punish you.
A flying skull comes into view.
A flying skull is nearby!
A flying skull is nearby!
A flying skull is nearby!
A flying skull is nearby!
A flying skull is nearby!
Press: ? - help, v - describe, . - travel, g - get item Item here: a scroll labelled FALAGO XE TOFF.
The floor.
You closely miss the flying skull. You headbutt the flying skull.
The flying skull is lightly damaged.
The flying skull completely misses you. The flying skull hits you.
You barely miss the flying skull. Your headbutt misses the flying skull.
The flying skull is lightly damaged.
The flying skull hits you but does no damage. x2
You miss the flying skull. You headbutt the flying skull.
The flying skull is moderately damaged.
The flying skull hits you. The flying skull hits you!
You die...

#...#.# #.#
#.....### # #.#
#.......#.# #.#
###...#†#.#.###
#.#
.........<......
##
##....>.).......
..
#.#####†....###
## #.#.........#
# #####@....#
#......z....#
#######?.#..#
......# ##.#..#
.#..# .# .# .#
.#


You could see a flying skull.

Vanquished Creatures
  2 adders (D:2)
  A worm (D:2)
  2 ball pythons
  An endoplasm (D:1)
  A giant cockroach (D:1)
  2 goblins (D:2)
  5 hobgoblins
  2 quokkas
  4 bats (D:1)
  3 frilled lizards (D:1)
  4 kobolds
  2 rats (D:1)
29 creatures vanquished.

Notes
Turn   | Place    | Note
-------+----------+-------------------------------------------
     0 | D:1      | blackman the Minotaur Fighter began the quest for the Orb.
     0 | D:1      | Reached XP level 1. HP: 19/19 MP: 0/0
   322 | D:1      | Reached skill level 3 in Axes
   342 | D:1      | Reached XP level 2. HP: 26/26 MP: 1/1
   454 | D:1      | Found a faded altar of an unknown god.
   719 | D:1      | Prayed at the altar of an unknown god.
   719 | D:1      | Became a worshipper of Yredelemnul the Dark
   719 | D:1      | Reached * piety under Yredelemnul
   721 | D:1      | Fell from the grace of Yredelemnul
  1269 | D:2      | Reached skill level 4 in Axes
  1518 | D:2      | Reached XP level 3. HP: 28/28 MP: 2/2
  1548 | D:2      | Noticed a flying skull
  1551 | D:2      | Slain by a flying skull

Illustrated notes

Levels and vault maps discovered:
D:1:      enne_arrival_octagon_isle, layout_basic,
          shapermc_ecumenical_altar_totnotflames
D:2:      layout_basic

Skill      XL: |  1  2 |
---------------+-------+-----
Axes           | 3 4 |  4.8
Fighting       | |  3.6
Armour         | |  3.6
Shields        | |  3.6

Action                   || total
-------------------------++-------
Melee: War axe           ||    68
       Headbutt          ||     5
Invok: Renounce Religion ||     1
Armor: Scale mail        ||    31
Dodge: Dodged            ||    30
Block: Buckler           ||    17
